 Dungeon Crawl Stone Soup version 0.29.1-15-g9cfb28693d (webtiles) character file.

Game seed: 13231957225588310174

807 kingofthe the Conjurer (level 7, 0/41 HPs)
             Began as an Octopode Conjurer on Feb 25, 2023.
             Slain by Duvessa
             ... wielding a +0 short sword
              (7 damage)
             ... on level 5 of the Dungeon.
             The game lasted 00:11:18 (4854 turns).

kingofthe the Conjurer (Octopode Conjurer)          Turns: 4854, Time: 00:11:19

Health: 0/41       AC:  5    Str:  7    XL:     7   Next: 92%
Magic:  6/14       EV: 14    Int: 26    God:
Gold:   247        SH:  0    Dex: 12    Spells: 8/15 levels left

rFire   . . .      SeeInvis .   o - +1 hand axe (elec)
rCold   . . .      Faith    .   (no shield)
rNeg    . . .      Spirit   .   (helmet restricted)
rPois   .          Reflect  .   (no amulet)
rElec   .          Harm     .   I - +6 ring of intelligence
rCorr   .          Rampage  .   T - +4 ring of protection
Will    +....                   W - ring of willpower
Stlth   ++++......              (no ring)
HPRegen 0.13/turn               (no ring)
MPRegen 0.14/turn               (no ring)
                                (no ring)
                                (no ring)

@: no status effects
A: almost no armour, amphibious, 8 rings, camouflage 1, gelatinous body 1,
(nimble swimmer 1), tentacles
a: no special abilities


You were on level 5 of the Dungeon.
You visited 1 branch of the dungeon, and saw 5 of its levels.

You collected 247 gold pieces.


Innate Abilities, Weirdness & Mutations

You cannot wear most types of armour.
You are amphibious.
You can wear up to eight rings at the same time.
Your skin changes colour to match your surroundings (Stealth+).
Your rubbery body absorbs attacks. (AC +1, EV +1)
((You are camouflaged when in or above water. (Stealth+)))
You have tentacles for arms and can constrict up to eight enemies at once.


   Skills:
 * Level 4.6 Dodging
 - Level 5.0 Stealth
 + Level 4.7 Spellcasting
 + Level 5.5 Conjurations
 * Level 2.6 Hexes


You had 8 spell levels left.
You knew the following spells:

 Your Spells              Type           Power      Damage    Failure   Level
a - Magic Dart            Conj           100%       1d8       1%          1
b - Searing Ray           Conj           68%        2d6       1%          2
c - Fulminant Prism       Conj/Hex       13%        3d9       14%         4

Your spell library contained the following spells:

 Spells                   Type           Power      Damage    Failure   Level
 Dazzling Flash           Conj/Hex       54%        N/A       4%          3
 Mephitic Cloud           Conj/Pois/Air  15%        N/A       11%         3
 Ignite Poison            Fire/Tmut/Pois 6%         N/A       24%         3
 Ozocubu's Armour         Ice            6%         N/A       24%         3
 Iskenderun's Mystic Bla  Conj/Tloc      20%        2d6       26%         4
 Freezing Cloud           Conj/Ice/Air   7%         6-21      71%         5
 Metabolic Englaciation   Hex/Ice        6%         N/A       77%         5
 Simulacrum               Ice/Necr       3%         N/A       100%        6

Inventory:

Hand Weapons
 l - a +0 dagger of freezing
 o - a +1 hand axe of electrocution (weapon)
Jewellery
 I - a +6 ring of intelligence (left tentacle)
 T - a +4 ring of protection (right tentacle)
 W - a ring of willpower (on tentacle)
Wands
 k - a wand of flame (7)
Scrolls
 c - 2 scrolls of enchant armour {unknown}
 e - a scroll of poison {unknown}
 f - 4 scrolls of teleportation {unknown}
 g - 2 scrolls of fear {unknown}
 h - a scroll of immolation {unknown}
 m - a scroll of fog {unknown}
 n - a scroll of enchant weapon {unknown}
 p - a scroll of identify {unknown}
 q - 2 scrolls of brand weapon {unknown}
 r - 2 scrolls of blinking {unknown}
 s - a scroll of amnesia {unknown}
Potions
 a - a potion of magic
 b - 3 potions of heal wounds {@q2}
 d - a potion of attraction {unknown}
 i - 3 potions of curing {unknown}
 j - 2 potions of mutation {unknown}
 t - a potion of invisibility {unknown}

Dungeon Overview and Level Annotations

Branches:
Dungeon (5/15)
 Temple: D:4-7

Altars:
Hepliaklqana
Makhleb

Annotations:
D:5 Duvessa

###.##. #...### ......
#..(#). ....#
#...#.###.#..##. .
#...#.##........
..######...#.............
...............@e..#.#...
.........................
..................##....#
..######...##.....# #.#.#
#...######.###.#.# #...#
#.......#### ##...##
####.......# ##)....#
#.....##.# ######......#
#...#.##.#


You could see Duvessa (berserk).


Message History

Duvessa is heavily wounded.
You hit the hound but do no damage. Lightning courses through the hound!!
You kill the hound!
You constrict Duvessa, but do no damage.
Duvessa closely misses you. Duvessa misses you.
You completely miss Duvessa.
Duvessa is heavily wounded.
You constrict Duvessa, but do no damage.
Duvessa hits you with a +0 short sword!
* * * LOW HITPOINT WARNING * * *
Duvessa closely misses you.
Casting: Searing Ray (safe; 1% risk of failure)
Confirm with . or Enter, or press ? or * to list all spells.
Aiming: Magic Dart (safe; 1% risk of failure)
Press: ? - help, Shift-Dir - straight line, f/p - Duvessa
Aim: Duvessa, wielding a +0 short sword and wearing a +0 chain mail (heavily wounded, constricted by you, berserk, 100% to hit)
Okay, then.
Casting: Magic Dart (safe; 1% risk of failure)
Confirm with . or Enter, or press ? or * to list all spells.
Aiming: Searing Ray (safe; 1% risk of failure)
Press: ? - help, Shift-Dir - straight line, f/p - Duvessa
Aim: Duvessa, wielding a +0 short sword and wearing a +0 chain mail (heavily wounded, constricted by you, berserk, 100% to hit)
The searing ray hits Duvessa.
Duvessa is heavily wounded. (Press . to maintain the ray.)
You constrict Duvessa, but do no damage.
Duvessa hits you with a +0 short sword!
* * * LOW HITPOINT WARNING * * *
Duvessa hits you with a +0 short sword!
You die...

Skill      XL: |  1  2  3  4  5  6  7 |
---------------+----------------------+-----
Spellcasting   | 3 4 |  4.7
Dodging        | 3 4 |  4.6
Stealth        | 3 4 5 |  5.0
Conjurations   | 5 |  5.5
Hexes          | 1 2 |  2.6

Action                   |  1- 3 |  4- 6 |  7- 9 || total
-------------------------+-------+-------+-------++-------
Melee: Unarmed           |     9 |     4 |       ||    13
       Punch             |     2 |       |       ||     2
       Tentacles         |     3 |     2 |     4 ||     9
       Constrict         |     2 |     1 |     2 ||     5
       Hand axe          |       |       |     7 ||     7
 Cast: Magic Dart        |    40 |    64 |    38 ||   142
       Searing Ray       |     3 |    18 |    12 ||    33
Evoke: Wand              |       |       |     3 ||     3
  Use: Potion            |       |       |     1 ||     1
Armor: Skin              |       |       |     4 ||     4
Dodge: Dodged            |     7 |    11 |    19 ||    37

Levels and vault maps discovered:
D:1:      lemuel_arrival_cross, layout_loops_ring,
          chequers_ecumenical_altar_grove, hex_medium, minivault_5,
          minmay_door_square
D:2:      layout_rooms, grunt_ministairs_2, uniq_natasha, uniq_sigmund
D:3:      layout_rooms, demons_altar
D:4:      layout_cave_pools, worldfamousw_hep_ancestral_shrine,
          palyth_stone_intersect
D:5:      layout_loops_cross, uniq_duvessa, uniq_blork_the_orc

Notes
Turn   | Place    | Note
-------+----------+-------------------------------------------
     0 | D:1      | kingofthe the Octopode Conjurer began the quest for the
                  | Orb.
     0 | D:1      | Reached XP level 1. HP: 11/11 MP: 3/3
   123 | D:1      | Found a faded altar of an unknown god.
   324 | D:1      | Reached XP level 2. HP: 17/17 MP: 1/5
   803 | D:1      | Reached skill level 3 in Spellcasting
   890 | D:1      | Learned a level 2 spell: Searing Ray
  1088 | D:1      | Reached XP level 3. HP: 21/21 MP: 5/7
  1489 | D:2      | Noticed Sigmund
  1549 | D:2      | Killed Sigmund
  1550 | D:2      | Reached skill level 3 in Dodging
  1550 | D:2      | Reached skill level 3 in Stealth
  1550 | D:2      | Reached XP level 4. HP: 4/27 MP: 1/9
  1550 | D:2      | Reached XP level 5. HP: 5/31 MP: 1/10
  1902 | D:2      | Noticed Natasha
  1907 | D:2      | Killed Natasha
  2021 | D:2      | Reached XP level 6. HP: 36/36 MP: 6/11
  2109 | D:2      | Noticed Natasha
  2117 | D:2      | Killed Natasha
  2118 | D:2      | Reached skill level 4 in Spellcasting
  2378 | D:2      | Noticed Natasha
  2381 | D:2      | Killed Natasha
  2382 | D:2      | Reached skill level 4 in Stealth
  2446 | D:3      | Reached skill level 5 in Conjurations
  2741 | D:3      | Learned a level 4 spell: Fulminant Prism
  3408 | D:3      | Found a burning altar of Makhleb.
  3431 | D:3      | Reached skill level 1 in Hexes
  3431 | D:3      | Reached XP level 7. HP: 41/41 MP: 2/13
  3813 | D:4      | Reached skill level 4 in Dodging
  4340 | D:4      | Found a hazy altar of Hepliaklqana.
  4482 | D:5      | Entered Level 5 of the Dungeon
  4531 | D:5      | Noticed Dowan
  4531 | D:5      | Noticed Duvessa
  4558 | D:5      | Killed Dowan
  4559 | D:5      | Reached skill level 2 in Hexes
  4694 | D:5      | Reached skill level 5 in Stealth
  4854 | D:5      | Slain by Duvessa

Vanquished Creatures
  Sigmund (D:2)
  A black bear (D:4)
  A phantom (D:5)
  Dowan (D:5)
  An orc priest (D:3)
  2 hounds
  3 iron imps (D:3)
  A jelly (D:4)
  Natasha (thrice) (D:2)
  7 adders
  2 worms
  A dart slug (D:4)
  16 orcs
  5 endoplasms
  5 giant cockroaches
  7 goblins
  4 hobgoblins
  10 jackals
  2 quokkas (D:4)
  7 ball pythons
  2 bats (D:3)
  2 frilled lizards
  5 kobolds
  6 rats
95 creatures vanquished.

Table legend: (Time is in decaauts)
 A = Elapsed time spent in this place.
 B = Non-inter-level travel time spent in this place.
 C = Inter-level travel time spent in this place.
 D = Time resting spent in this place.
 E = Time spent auto-exploring this place.
 F = Levels seen in this place.
 G = Mean time per level.
                   A        B        C        D        E       F      G
               +--------+--------+--------+--------+--------+-----+--------+
         Total |   4863 |   4767 |     96 |   1223 |   2957 |   5 |  972.6 |
       Dungeon |   4863 |   4767 |     96 |   1223 |   2957 |   5 |  972.6 |
               +--------+--------+--------+--------+--------+-----+--------+

Top non-repeatable levels by time:
     D:1: 1513 daAuts
     D:2: 1083 daAuts
     D:3: 1075 daAuts
     D:4: 1032 daAuts
     D:5: 158 daAuts

Table legend:
 A = Non-vault XP
 B = Vault XP
 C = Vault XP percentage of total XP
 D = Non-vault monster count
 E = Vault monster count
 F = Vault count percentage of total count
                 A         B        C        D         E       F
            +---------+---------+-------+---------+---------+-------
      Total |     708 |     445 |  38.6 |      87 |       8 |   8.4
            +---------+---------+-------+---------+---------+-------
        D:1 |      39 |       0 |   0.0 |      23 |       0 |   0.0
        D:2 |     124 |     250 |  66.8 |      11 |       4 |  26.7
        D:3 |     137 |     126 |  47.9 |      33 |       3 |   8.3
        D:4 |     235 |       0 |   0.0 |      16 |       0 |   0.0
        D:5 |     173 |      69 |  28.5 |       4 |       1 |  20.0
            +---------+---------+-------+---------+---------+-------
